 Dungeon Crawl Stone Soup version 0.25-a0-458-g6fc7858b95 (webtiles) character file.

Game seed: 14612872979647313183, levelgen mode: deterministic

13 mopl the Charmwright (level 2, -4/22 HPs)
             Began as a Demonspawn Skald on Feb 3, 2020.
             Slain by a gnoll
             ... wielding a +0 club
              (6 damage)
             ... on level 2 of the Dungeon.
             The game lasted 00:00:55 (566 turns).

mopl the Charmwright (Demonspawn Skald)              Turns: 566, Time: 00:00:55

Health: -4/22      AC:  3    Str: 11    XL:     2   Next: 24%
Magic:  0/5        EV: 11    Int: 14    God:
Gold:   46         SH:  0    Dex: 12    Spells: 0/5 levels left

rFire    . . .     SeeInvis .   a - +0 falchion
rCold    . . .     Gourm    .   (no shield)
rNeg     . . .     Faith    .   b - +0 leather armour
rPois    .         Spirit   .   (no helmet)
rElec    .         Reflect  .   (no cloak)
rCorr    .         Harm     .   (no gloves)
MR       .....                  (no boots)
Stlth    ..........             (no amulet)
HPRegen  0.07/turn              c - ring of attention (curse)
MPRegen  0.09/turn              (no ring)

@: infused, singing
A: demonic guardian 1
a: no special abilities


You were on level 2 of the Dungeon.
You were not hungry.

You visited 1 branch of the dungeon, and saw 2 of its levels.

You collected 46 gold pieces.

Inventory:

Hand Weapons
 a - a +0 falchion (weapon)
Armour
 b - a +0 leather armour (worn)
Jewellery
 c - a cursed ring of attention (left hand)
Scrolls
 f - a scroll of identify {unknown}
 g - a scroll of teleportation {unknown}
Potions
 e - a potion of degeneration {unknown}
Comestibles
 d - 2 rations


   Skills:
 - Level 2.0 Fighting
 * Level 2.2 Long Blades
 - Level 0.8 Armour
 - Level 1.7 Dodging
 + Level 2.2 Spellcasting
 + Level 2.8 Charms
 + Level 0.1 Translocations


You couldn't memorise any spells.
You knew the following spells:

 Your Spells              Type           Power        Failure   Level  Hunger
a - Infusion              Chrm           #...         10%         1    #......
b - Song of Slaying       Chrm           #.......     14%         2    ###....
f - Shroud of Golubria    Chrm/Tloc      #.....       26%         2    ###....

Your spell library contained the following spells:

 Spells                   Type           Power        Failure   Level  Hunger
 Ozocubu's Armour         Chrm/Ice       #.......     45%         3    ###....
 Spectral Weapon          Hex/Chrm       #.......     45%         3    ###....


Dungeon Overview and Level Annotations

Branches:
Dungeon (2/15)

Altars:

Annotations:
D:1 dig


Innate Abilities, Weirdness & Mutations

A weak demonic guardian rushes to your aid.


Message History

Your iron imp barely misses the gnoll.
You barely miss the gnoll.
The gnoll is moderately wounded.
The goblin shouts!
The gnoll hits you from afar with a +0 halberd.
The gnoll barely misses you.
You riposte.
You hit the gnoll.
The gnoll is heavily wounded.
The gnoll hits you with a +0 club.
* * * LOW HITPOINT WARNING * * *
Your iron imp hits the gnoll!
You are too injured to fight recklessly!
Unknown command.
You barely miss the gnoll.
The gnoll is heavily wounded.
You hear a shout!
A hobgoblin comes into view.
The gnoll hits you.
* * * LOW HITPOINT WARNING * * *
The gnoll barely misses you. The gnoll hits you with a +0 club.
You die... ... #.. ... #.# .gg

..
##g###.....
#.ggg..^...
#5@###.....
#...)..K.<.
#<..##.....
#.#.# ...
#..... .
#....##
##.### ..#
###


You could see 3 gnolls, a hobgoblin, 2 goblins, a kobold and a friendly iron
imp.

Vanquished Creatures
  2 giant cockroaches (D:1)
  2 goblins (D:1)
  A jackal (D:1)
  3 kobolds
  2 bats (D:1)
  A rat (D:1)
11 creatures vanquished.

Notes
Turn   | Place    | Note
-------+----------+-------------------------------------------
     0 | D:1      | mopl the Demonspawn Skald began the quest for the Orb.
     0 | D:1      | Reached XP level 1. HP: 16/16 MP: 3/3
    65 | D:1      | Reached skill level 2 in Long Blades
   282 | D:1      | Gained mutation: A weak demonic guardian rushes to your
                  | aid. [demonic ancestry]
   282 | D:1      | Reached XP level 2. HP: 22/22 MP: 5/5
   286 | D:1      | Learned a level 2 spell: Song of Slaying
   289 | D:1      | Learned a level 2 spell: Shroud of Golubria
   566 | D:2      | Slain by a gnoll

Levels and vault maps discovered:
D:1:      scummos_arrival_star, layout_rooms, dk_noncrumbling_4,
          due_unseen_surprise
D:2:      layout_basic, lemuel_round_altar, gammafunk_temple_overflow_wave,
          uniq_robin

Skill      XL: |  1 |
---------------+----+-----
Long Blades    | 2 |  2.2
Fighting       | |  2.0
Armour         | |  0.8
Dodging        | |  1.7
Spellcasting   | |  2.2
Charms         | |  2.8
Translocations | |  0.1

Action                   || total
-------------------------++-------
Melee: Falchion          ||    31
 Cast: Infusion          ||     1
       Song of Slaying   ||     1
Armor: Leather armour    ||     7
Dodge: Dodged            ||    25
       Rpst.: Falchion   ||     6

Table legend:
 A = Non-vault XP
 B = Vault XP
 C = Vault XP percentage of total XP
 D = Non-vault monster count
 E = Vault monster count
 F = Vault count percentage of total count
                 A         B        C        D         E       F
            +---------+---------+-------+---------+---------+-------
      Total |      19 |       0 |   0.0 |      11 |       0 |   0.0
            +---------+---------+-------+---------+---------+-------
        D:1 |      17 |       0 |   0.0 |      10 |       0 |   0.0
        D:2 |       2 |       0 |   0.0 |       1 |       0 |   0.0
            +---------+---------+-------+---------+---------+-------
